 Dungeon Crawl Stone Soup version 0.30-a0-879-ga8ba668304 (webtiles) character file.

Game seed: 6146776680689845362

53 Ghostmaker01 the Covered (level 3, -3/29 HPs)
             Began as a Demonspawn Fighter on Mar 13, 2023.
             Killed from afar by Sigmund (7 damage)
             ... with a magic dart
             ... on level 2 of the Dungeon.
             The game lasted 00:02:06 (1056 turns).

Ghostmaker01 the Covered (Demonspawn Fighter)       Turns: 1056, Time: 00:02:07

Health: -3/29      AC:  6    Str: 18    XL:     3   Next: 62%
Magic:  3/3        EV:  9    Int:  9    God:
Gold:   97         SH:  0    Dex: 12    Spells: 2/2 levels left

rFire   . . .      SeeInvis .    n - +0 battleaxe
rCold   . . .      Faith    .    (shield currently unavailable)
rNeg    . . .      Spirit   .    b - +0 scale mail
rPois   .          Reflect  .    (helmet restricted)
rElec   .          Rampage  .    (no cloak)
rCorr   .                        (no gloves)
Will    .....                    (no boots) Stlth
                                 (no amulet)
HPRegen 0.24/turn                (no ring)
MPRegen 0.08/turn                (no ring)

@: no status effects
A: horns 1, demonic magic 1
a: no special abilities


You were on level 2 of the Dungeon.
You visited 1 branch of the dungeon, and saw 2 of its levels.

You collected 97 gold pieces.

Inventory:

Hand Weapons
 a - a +0 war axe
 n - a +0 battleaxe (weapon)
Missiles
 j - a throwing net (quivered)
Armour
 b - a +0 scale mail (worn)
 c - a +0 buckler
Scrolls
 f - a scroll of summoning {unknown}
 h - a scroll of enchant weapon {unknown}
 k - a scroll of teleportation {unknown}
 l - a scroll of fog {unknown}
Potions
 d - a potion of might
 e - a potion of flight {unknown}
 g - 2 potions of curing {unknown}
 i - a potion of ambrosia {unknown}
 m - a potion of attraction {unknown}
 o - a potion of brilliance {unknown}


   Skills:
 * Level 3.1 Fighting
 * Level 2.7 Axes
 * Level 3.2 Armour
 + Level 0.1 Dodging
 + Level 3.0 Shields


You had 2 spell levels left.
You didn't know any spells.
Your spell library was empty.

Dungeon Overview and Level Annotations

Branches:
Dungeon (2/15)

Altars:

Annotations:
D:2 Sigmund


Innate Abilities, Weirdness & Mutations

You have a pair of small horns on your head.
Spells you cast may paralyse adjacent enemies.


Message History

The ball python bites you but does no damage.
The ball python constricts you.
You slice the ball python!!
You kill the ball python!
You hit the endoplasm.
You kill the endoplasm!
You hit the hobgoblin.
You kill the hobgoblin!
Sigmund hits you but does no damage.
The frilled lizard bites you but does no damage.
Sigmund completely misses you. The frilled lizard barely misses you.
You see here a ball python corpse.
You hit Sigmund.
Sigmund is moderately wounded.
You closely miss the frilled lizard.
The frilled lizard hisses.
The frilled lizard bites you. Sigmund casts a spell at you.
The magic dart hits you.
You slash Sigmund!
Sigmund is severely wounded.
You miss the frilled lizard. The frilled lizard misses you.
Sigmund barely misses you. The frilled lizard bites you.
You hit Sigmund but do no damage.
Sigmund is severely wounded.
You slash the frilled lizard!
You kill the frilled lizard!
Sigmund casts a spell at you. The magic dart hits you.
* * * LOW HITPOINT WARNING * * *
Sigmund splashes around in the water.
You barely miss Sigmund. You headbutt Sigmund, but do no damage.
Sigmund is severely wounded.
Sigmund hits you with a +0 scythe.
* * * LOW HITPOINT WARNING * * *
You closely miss Sigmund.
Sigmund is severely wounded.
Sigmund casts a spell at you. The magic dart hits you!
You die...

#.####.#.#.#.#.#
#.##)..........
####.###.#.#<#.#
#≈ #....#....#..
#≈###.#.#.####
#####≈≈#..#.#.#
.....≈≈..## .#
####~≈≈~##
#~≈†@.#
#..~.@(.#
#~.~.!..#
#..~~..~#
#.(≈...~#
....~~~...
###..~~.~~##
#..~≈.~..


You could see Sigmund.

Vanquished Creatures
  An adder (D:2)
  A dart slug (D:1)
  5 ball pythons
  2 bats (D:2)
  3 endoplasms
  2 giant cockroaches
  A goblin (D:1)
  6 hobgoblins
  4 jackals
  4 kobolds
  3 quokkas (D:1)
  3 frilled lizards
  2 rats
37 creatures vanquished.

Notes
Turn   | Place    | Note
-------+----------+-------------------------------------------
     0 | D:1      | Ghostmaker01 the Demonspawn Fighter began the quest for the
                  | Orb.
     0 | D:1      | Reached XP level 1. HP: 18/18 MP: 1/1
   279 | D:1      | Gained mutation: You have a pair of small horns on your
                  | head. [demonic ancestry]
   279 | D:1      | Reached XP level 2. HP: 20/24 MP: 2/2
   910 | D:2      | Gained mutation: Spells you cast may paralyse adjacent
                  | enemies. [demonic ancestry]
   910 | D:2      | Reached XP level 3. HP: 29/29 MP: 3/3
  1043 | D:2      | Noticed Sigmund
  1056 | D:2      | Killed from afar by Sigmund

Illustrated notes

Levels and vault maps discovered:
D:1:      giann_horns, layout_basic, st_stairs_7, corexii_hall_statues_i,
          minmay_liquid_box, minmay_misc_feat_tiny, minmay_strange_pillars,
          minmay_3d_cube
D:2:      layout_loops_ring, chequers_serial_rivers_small_3,
          minmay_tree_intersection, st_stairs_8, minmay_tromino_v4_a,
          uniq_sigmund

Skill      XL: |  1  2  3 |
---------------+----------+-----
Armour         | 3 |  3.2
Axes           | 2 |  2.7
Shields        | 3 |  3.0
Fighting       | |  3.1
Dodging        | |  0.1

Action                     || total
---------------------------++-------
  Melee: War axe           ||    62
         Headbutt          ||     8
         Battleaxe         ||    20
 Armour: Scale mail        ||    50
  Dodge: Dodged            ||    38
  Block: Buckler           ||    21

Table legend: (Time is in decaauts)
 A = Elapsed time spent in this place.
 B = Non-inter-level travel time spent in this place.
 C = Inter-level travel time spent in this place.
 D = Time resting spent in this place.
 E = Time spent auto-exploring this place.
 F = Levels seen in this place.
 G = Mean time per level.
                   A        B        C        D        E       F      G
               +--------+--------+--------+--------+--------+-----+--------+
         Total |   1096 |   1087 |      9 |      0 |    853 |   2 |  548.0 |
       Dungeon |   1096 |   1087 |      9 |      0 |    853 |   2 |  548.0 |
               +--------+--------+--------+--------+--------+-----+--------+

Top non-repeatable levels by time:
     D:1: 879 daAuts
     D:2: 216 daAuts
